 Dungeon Crawl Stone Soup version 0.26.1-11-gd32895ea62 (webtiles) character file.

Game seed: 8751704638545349194

12172 Mitsuki the Destroyer (level 11, -3/61 HPs)
             Began as a Deep Elf Conjurer on June 22, 2021.
             Was an Elder of Vehumet.
             Slain by a komodo dragon (17 damage)
             ... on level 2 of the Lair of Beasts on June 24, 2021.
             The game lasted 01:07:49 (15630 turns).

Mitsuki the Destroyer (Deep Elf Conjurer)          Turns: 15630, Time: 01:07:50

Health: -3/61      AC: 11    Str:  6    XL:     11   Next: 59%
Magic:  17/28      EV: 18    Int: 25    God:    Vehumet [****..]
Gold:   143        SH:  0    Dex: 13    Spells: 20/33 levels left

rFire    + . .     SeeInvis .   H - +4 scimitar
rCold    . . .     Faith    .   (no shield)
rNeg     . . .     Spirit   .   a - +0 robe
rPois    .         Reflect  .   o - +0 helmet
rElec    .         Harm     .   n - +0 cloak
rCorr    .         Rampage  .   x - +1 pair of gloves
Will     +....                  l - +0 pair of boots
Stlth    +++.......             I - amulet of regeneration
HPRegen  0.60/turn              N - ring of protection from fire
MPRegen  0.21/turn              v - +4 ring of protection

@: no status effects
A: no striking features
a: Renounce Religion


You were on level 2 of the Lair of Beasts.
You worshipped Vehumet.
Vehumet was greatly pleased with you.
You visited 4 branches of the dungeon, and saw 15 of its levels.
You also visited: Sewer.

You collected 773 gold pieces.
You spent 630 gold pieces at shops.

Inventory:

Hand Weapons
 H - a +4 scimitar (weapon)
Armour
 a - a +0 robe (worn)
 l - a +0 pair of boots (worn)
 n - a +0 cloak (worn)
 o - a +0 helmet (worn)
 x - a +1 pair of gloves (worn)
Jewellery
 d - an uncursed ring of positive energy
 m - an uncursed ring of ice
 r - an uncursed ring of positive energy
 v - a +4 ring of protection (right hand)
 G - an uncursed ring of see invisible
 I - an amulet of regeneration (around neck)
 N - a ring of protection from fire (left hand)
Wands
 f - a wand of polymorph (6)
 k - a wand of iceblast (10)
 y - a wand of digging (8)
 A - a wand of enslavement (11)
 C - a wand of paralysis (7)
 J - a wand of disintegration (7)
Scrolls
 b - 11 scrolls of teleportation
 g - 8 scrolls of remove curse
 i - 8 scrolls of identify
 p - 2 scrolls of magic mapping {unknown}
 E - 3 scrolls of immolation {unknown}
 F - a scroll of amnesia {unknown}
 L - 2 scrolls of enchant armour
 M - a scroll of silence {unknown}
Potions
 c - 2 potions of ambrosia {unknown}
 e - 5 potions of heal wounds
 h - 4 potions of attraction
 j - 3 potions of invisibility {unknown}
 q - 4 potions of magic {unknown}
 s - 4 potions of curing {unknown}
 t - 2 potions of lignification {unknown}
 u - a potion of mutation {unknown}
 w - 3 potions of might {unknown}
 z - 2 potions of haste {unknown}
 B - 3 potions of brilliance {unknown}
 D - a potion of cancellation {unknown}
 K - a potion of flight {unknown}


   Skills:
 - Level 4.0 Fighting
 + Level 10.6 Dodging
 - Level 4.5 Stealth
 + Level 11.5 Spellcasting
 + Level 13.2 Conjurations
 * Level 5.1 Fire Magic


You had 20 spell levels left.
You knew the following spells:

 Your Spells              Type           Power        Failure   Level
a - Magic Dart            Conj           100%         0%          1
b - Searing Ray           Conj           100%         1%          2
c - Iskenderun's Battles  Conj           69%          1%          5
d - Bolt of Magma         Conj/Fire/Erth 22%          2%          5

Your spell library contained the following spells:

 Spells                   Type           Power        Failure   Level
 Conjure Flame            Conj/Fire      57%          1%          3
 Freeze                   Ice            56%          1%          1
 Dazzling Flash           Conj/Hex       94%          1%          3
 Fulminant Prism          Conj/Hex       23%          1%          4
 Hailstorm                Conj/Ice       47%          1%          4
 Iskenderun's Mystic Bla  Conj/Tloc      47%          1%          4
 Frozen Ramparts          Ice            28%          3%          3
 Orb of Destruction       Conj           34%          4%          7
 Iron Shot                Conj/Erth      23%          11%         6
 Ozocubu's Armour         Ice            14%          13%         3
 Summon Ice Beast         Ice/Summ       14%          38%         4
 Spellforged Servitor     Conj/Summ      23%          50%         7


Dungeon Overview and Level Annotations

Branches:
Dungeon (11/15)            Temple (1/1) D:6            Lair (2/6) D:9
    Orc (1/2) D:10          Sewer (visited)
  Swamp: Lair:2-4    Shoals: Lair:2-4     Snake: Lair:2-4    Spider: Lair:2-4

Altars:
Ashenzari
Cheibriados
Dithmenos
Elyvilon
Fedhas
Gozag
Hepliaklqana
Kikubaaqudgha
Makhleb
Nemelex Xobeh
Okawaru
Qazlal
Ru
Sif Muna
Trog
Uskayaw
Vehumet
Wu Jian
Xom
Yredelemnul
Zin
The Shining One

Shops:
D:4 *}:*   D:6 =   D:9 *

Portals:
Abyss: Lair:1

Annotations:
D:2 Sigmund
D:5 Prince Ribbit
D:10 exclusion: gargoyle
Lair:1 2 transporters, exclusion: 2 oklob plants, Molu's ghost, journeyman MiFi


Message History

The searing ray hits the plant.
The plant begins to die.
The plant is lightly damaged. (Press . to maintain the ray.)
The komodo dragon barely misses you.
You now have 19/28 mp.
The searing ray hits the komodo dragon.
The komodo dragon is severely wounded.
The searing ray hits the plant!
The plant is lightly damaged.
The komodo dragon bites you!!
* * * LOW HITPOINT WARNING * * *
You take 23 damage, and have 14/61 hp.
MASSIVE DAMAGE!!
You now have 18/28 mp.
The searing ray misses the komodo dragon.
The searing ray hits the plant!
The plant is lightly damaged.
Your battlesphere fires!
The barrage of energy hits the komodo dragon but does no damage.
The komodo dragon is severely wounded.
The komodo dragon bites you!
You die...

#.. .......#P ##.##........
#...P........ .".#.P.PF......
#.Y).<......#
.Y..P........P.#
............*...
...............l######
................@††..###
P........#.###..##.....######
.........### ### ##.#.......#
.#....#... .. #####.....#####
#.# . . . ##......#.# #.###.
. .# ##....P.## #."#.. .#...
#P......P #.##.##.P....##
###......○
#.#..#.......P##....
..........


You could see a komodo dragon and a friendly battlesphere.

Vanquished Creatures
  A two-headed ogre (D:9)
  An unseen horror (D:10)
  A manticore (D:11)
  2 cane toads
  A black mamba (Lair:2)
  A kobold demonologist (D:10)
  A rime drake (Lair:2)
  A komodo dragon (Lair:2)
  A hornet (D:9)
  A shadow (D:9)
  2 wyverns
  10 yaks
  A wraith (D:11)
  A basilisk (Lair:2)
  Menkaure (D:4)
  4 water moccasins
  6 orc warriors
  3 ice beasts
  4 phantoms
  2 sky beasts (D:10)
  6 wolves (Lair:1)
  2 centaurs
  2 ogres (D:7)
  A big kobold (D:9)
  14 bullfrogs
  A gnoll sergeant (D:10)
  A scorpion (D:10)
  10 killer bees
  8 wights
  4 howler monkeys
  2 centaur zombies
  A bullfrog zombie (D:6)
  A jelly (D:10)
  4 orc priests
  3 hounds
  A quasit (D:9)
  Crazy Yiuf (D:5)
  17 orc wizards
  3 centaur skeletons
  A gnoll shaman (D:6)
  3 iguanas
  Natasha (thrice) (D:2)
  3 worker ants
  A killer bee zombie (D:5)
  A hound skeleton (D:6)
  2 worker ant zombies
  Robin (D:2)
  4 gnolls (D:6)
  13 adders
  3 river rats (Sewer)
  2 shadow imps (D:6)
  2 ufetubi
  An ooze (D:2)
  An adder zombie (D:2)
  4 adder skeletons
  3 worms
  4 dart slugs
  4 leopard geckos
  58 orcs
  7 ball pythons
  4 bats
  5 giant cockroaches
  13 goblins
  5 hobgoblins
  8 jackals
  5 quokkas
  10 frilled lizards
  13 kobolds
  A leopard gecko skeleton (D:5)
  A quokka skeleton (D:10)
  21 rats
334 creatures vanquished.

Vanquished Creatures (others)
  9 fungi (Lair:2)
  7 plants (Lair:2)
16 creatures vanquished.

Grand Total: 350 creatures vanquished

Notes
Turn   | Place    | Note
-------+----------+-------------------------------------------
     0 | D:1      | Mitsuki the Deep Elf Conjurer began the quest for the Orb.
     0 | D:1      | Reached XP level 1. HP: 10/10 MP: 6/6
   132 | D:1      | Reached XP level 2. HP: 15/15 MP: 5/8
   999 | D:2      | Reached XP level 3. HP: 19/19 MP: 7/10
  1002 | D:2      | Learned a level 2 spell: Searing Ray
  1036 | D:2      | Reached skill level 5 in Conjurations
  1173 | D:2      | Noticed Sigmund
  1295 | D:2      | Noticed Natasha
  1299 | D:2      | Killed Natasha
  1300 | D:2      | Reached XP level 4. HP: 24/24 MP: 6/11
  1489 | D:2      | Found a shimmering altar of Xom.
  1527 | D:2      | Noticed Robin
  1701 | D:2      | Killed Robin
  1817 | D:2      | Noticed Natasha
  1830 | D:2      | Killed Natasha
  1831 | D:2      | Reached XP level 5. HP: 11/28 MP: 3/13
  1877 | D:2      | Noticed Natasha
  1881 | D:2      | Killed Natasha
  2206 | D:2      | Found an iron altar of Okawaru.
  2612 | D:3      | Found a white marble altar of Elyvilon.
  3029 | D:4      | Found Xich's Book Shop.
  3033 | D:4      | Noticed Menkaure
  3051 | D:4      | Killed Menkaure
  3052 | D:4      | Reached skill level 6 in Conjurations
  3052 | D:4      | Reached XP level 6. HP: 23/32 MP: 8/15
  3208 | D:4      | Found Byty's Gadget Shoppe.
  3291 | D:4      | Got a heavily runed ring mail
  3292 | D:4      | Identified the cursed +0 ring mail of the Resonant Elephant
                  | {Str+3} (You found it on level 4 of the Dungeon)
  3299 | D:4      | Found a basalt altar of Yredelemnul.
  3302 | D:4      | Found a shadowy altar of Dithmenos.
  3302 | D:4      | Found a broken altar of Ashenzari.
  3303 | D:4      | Found a burning altar of Makhleb.
  3303 | D:4      | Found a stormy altar of Qazlal.
  3351 | D:4      | Found Tiepyic's Assorted Antiques.
  3501 | D:4      | Found Agiti's Assorted Antiques.
  3658 | D:5      | Entered Level 5 of the Dungeon
  3711 | D:5      | Noticed Prince Ribbit
  4451 | D:5      | Found a sacrificial altar of Ru.
  4474 | D:5      | Noticed an ice beast
  4567 | D:5      | Reached skill level 5 in Spellcasting
  4691 | D:5      | Reached XP level 7. HP: 27/36 MP: 5/16
  4957 | D:5      | Reached skill level 7 in Conjurations
  5078 | D:5      | Reached skill level 5 in Dodging
  5126 | D:5      | Found an opulent altar of Gozag.
  5229 | D:5      | Found a runed translucent door.
  5230 | D:5      | Noticed Crazy Yiuf
  5303 | D:5      | Killed Crazy Yiuf
  5542 | D:6      | Found Buoxi's Jewellery Emporium.
  5621 | D:6      | Found a staircase to the Ecumenical Temple.
  5651 | D:6      | Reached skill level 8 in Conjurations
  5748 | D:6      | Found a glowing drain.
  5758 | Sewer    | Entered a sewer
  6386 | Temple   | Entered the Ecumenical Temple
  6392 | Temple   | Became a worshipper of Vehumet
  6616 | D:6      | Reached XP level 8. HP: 35/41 MP: 13/19
  7289 | D:6      | Reached skill level 9 in Conjurations
  7461 | D:6      | Found a bloodstained altar of Trog.
  7786 | D:7      | Reached * piety under Vehumet
  7786 | D:7      | Offered knowledge of Shock by Vehumet.
  8130 | D:7      | Reached XP level 9. HP: 44/45 MP: 7/23
  8299 | D:7      | Found an opulent altar of Gozag.
  8310 | D:7      | Reached skill level 10 in Conjurations
  8803 | D:7      | Found a sparkling altar of Nemelex Xobeh.
  9143 | D:8      | Offered knowledge of Sandblast by Vehumet.
  9263 | D:8      | Reached ** piety under Vehumet
  9737 | D:9      | Found a blossoming altar of Fedhas.
  9860 | D:9      | Found Vucaek's General Store.
  9890 | D:9      | Reached skill level 1 in Fighting
 10372 | D:9      | Found a staircase to the Lair.
 10469 | D:10     | Entered Level 10 of the Dungeon
 10476 | D:10     | Reached skill level 11 in Conjurations
 10673 | D:10     | Noticed an unseen horror
 10683 | D:10     | Killed an unseen horror
 10684 | D:10     | Reached XP level 10. HP: 40/54 MP: 19/25
 10794 | D:10     | Found a staircase to the Orcish Mines.
 11106 | D:10     | Noticed a two-headed ogre
 11174 | D:10     | Offered knowledge of Stone Arrow by Vehumet.
 11433 | D:9      | Killed a two-headed ogre
 11434 | D:9      | Reached skill level 10 in Spellcasting
 11434 | D:9      | Reached skill level 12 in Conjurations
 11490 | D:9      | Reached *** piety under Vehumet
 11776 | D:10     | Found a basalt altar of Yredelemnul.
 11778 | D:10     | Noticed a gargoyle
 12598 | D:11     | Noticed a cyan ugly thing
 12672 | D:11     | Offered knowledge of Olgreb's Toxic Radiance by Vehumet.
 12838 | D:11     | Noticed a manticore
 12950 | D:11     | Killed a manticore
 13057 | Orc:1    | Entered Level 1 of the Orcish Mines
 13193 | Orc:1    | Reached **** piety under Vehumet
 13197 | Orc:1    | Reached XP level 11. HP: 61/61 MP: 21/27
 13414 | D:4      | Bought a book of Power for 630 gold pieces
 13420 | D:4      | Learned a level 5 spell: Iskenderun's Battlesphere
 13426 | D:4      | Learned a level 5 spell: Bolt of Magma
 13563 | Orc:1    | Offered knowledge of Conjure Flame by Vehumet.
 13600 | Orc:1    | Noticed an orc sorcerer
 13601 | Orc:1    | Noticed an orc knight
 13608 | Orc:1    | Noticed a two-headed ogre
 13747 | Lair:1   | Entered Level 1 of the Lair of Beasts
 13855 | Lair:1   | Noticed Molu's ghost (journeyman MiFi)
 13862 | Lair:1   | Noticed a brown ugly thing
 13866 | Lair:1   | Found a transporter.
 13866 | Lair:1   | Noticed a cyan ugly thing
 13893 | Lair:1   | Found a one-way gate to the infinite horrors of the Abyss.
 14052 | Lair:1   | Reached skill level 1 in Fire Magic
 14367 | Lair:1   | Found a transporter.
 14453 | Lair:1   | Noticed an oklob plant
 14697 | Lair:1   | Noticed an oklob plant
 14811 | Lair:1   | Reached skill level 10 in Dodging
 15012 | Lair:1   | Reached skill level 13 in Conjurations
 15124 | Lair:2   | Noticed an eight-headed hydra
 15562 | Lair:2   | Reached skill level 5 in Fire Magic
 15630 | Lair:2   | Slain by a komodo dragon

Illustrated notes

Levels and vault maps discovered:
D:1:      minmay_arrival_split_and_join, layout_loops_ring
D:2:      layout_basic, lemuel_coloured_pillars_altar,
          brannock_xom_greatest_gift, serial_curves, eino_curves_02,
          eino_curves_03, uniq_natasha, uniq_sigmund, uniq_robin
D:3:      layout_rooms, elyvilon_altar_5
D:4:      layout_basic, grunt_temple_overflow_open, serial_shops,
          nicolae_shop_trees, nicolae_shop_stone, shop, nicolae_shop_waterfront,
          uniq_menkaure
D:5:      layout_cave_pools, nicolae_ru_path_of_blood, basic_altar,
          uniq_crazy_yiuf_cottage, uniq_prince_ribbit1
D:6:      layout_basic, bloody_trog, minmay_temple_entry_stoned_glass,
          portal_sewer_entry_d, serial_shops, nicolae_shop_stone
D:7:      layout_loops_ring, nemelex_xobeh_ov_fountains_minmay,
          kennysheep_little_box, enter_bailey_6
D:8:      layout_rooms, grunt_decor_mini_mirrors
D:9:      layout_basic, lair_entry_dummy, basic_altar, serial_shops, shop
D:10:     cheibrodos_fzero, layout_cave_pools, orc_0_dummy, lemuel_tele_altar
D:11:     layout_gridville, kennysheep_windowed_goal
Temple:   chequers_temple_sunken
Lair:1:   layout_chaotic_city, gammafunk_ghost_abyssal_escape,
          grunt_megastairs_4, minmay_lair_oklob_chamber
Lair:2:   layout_misc_corridors, disabler_island
Orc:1:    layout_caves, nicolae_orc_rockfall, minmay_orc_temple_a

Skill      XL: |  1  2  3  4  5  6  7  8  9 10 11 |
---------------+----------------------------------+-----
Stealth        | 3 4 |  4.5
Dodging        | 3 4 5 7 8 9 10 | 10.6
Conjurations   | 5 6 8 9 11 12 13 | 13.2
Spellcasting   | 4 5 6 8 9 10 11 | 11.5
Fighting       | 2 4 |  4.0
Fire Magic     | 5 |  5.1

Action                   |  1- 3 |  4- 6 |  7- 9 | 10-12 || total
-------------------------+-------+-------+-------+-------++-------
Melee: Unarmed           |     3 |       |       |       ||     3
       Dagger            |    10 |     5 |       |       ||    15
       Mace              |       |    23 |     6 |       ||    29
       Scimitar          |       |       |     7 |    42 ||    49
 Cast: Magic Dart        |    60 |   128 |   231 |   283 ||   702
       Searing Ray       |       |     7 |    51 |    46 ||   104
       Iskenderun's Batt |       |       |       |    19 ||    19
  Use: Scroll            |       |     4 |     5 |     4 ||    13
       Potion            |       |       |       |     2 ||     2
 Stab: Sleeping          |       |     1 |       |     1 ||     2
       Distracted        |       |       |     1 |       ||     1
Armor: Robe              |     1 |    32 |    37 |    61 ||   131
Dodge: Dodged            |    16 |    56 |    91 |   219 ||   382
       Rpst.: Scimitar   |       |       |    12 |    57 ||    69
